 Dungeon Crawl Stone Soup version 0.31.0-32-g396128a36d (webtiles) character file.

Game seed: 3109285773655581412

36386 MrIGI the Brawler (level 13, -7/118 HPs)
             Began as a Troll Fighter on Apr 11, 2024.
             Was a High Priest of Wu Jian.
             Mangled by an air elemental (11 damage)
             ... while paralysed by an air elemental
             ... on level 2 of the Orcish Mines.
             The game lasted 00:48:12 (12585 turns).

MrIGI the Brawler (Troll Fighter)                  Turns: 12585, Time: 00:48:13

Health: -7/118     AC:  5    Str: 40    XL:     13   Next: 52%
Magic:  12/12      EV:  1    Int:  4    God:    Wu Jian [*****.]
Gold:   1752       SH:  0    Dex:  9    Spells: 12/12 levels left

rFire   + .          .
                       - Unarmed
rCold   . . .        b - +0 kite shield
rNeg    + + +        N - +3 troll leather armour {Snorg}
rPois   .            (helmet restricted)
rElec   .            E - +0 cloak
rCorr   +            (gloves unavailable)
SInv    .            (boots unavailable)
Will    ++...        K - amulet "Siug" {Reflect *Corrode rF+ rN++ SH+5} Stlth
                     J - +6 ring of strength
HPRegen 1.99/turn    f - ring "Juhepry" {rN+ Will++ rCorr Str+3 Stlth-}
MPRegen 0.13/turn

%: corrode self (3%), reflection
@: paralysed, corroded
A: large, unfitting armour, claws 3, regeneration 1, shaggy fur 1, tough skin 1
a: Renounce Religion, Wall Jump, Serpent's Lash, Heavenly Storm


You were on level 2 of the Orcish Mines.
You worshipped Wu Jian.
Wu Jian was extremely pleased with you.
You visited 5 branches of the dungeon, and saw 18 of its levels.
You also visited: Gauntlet.

You collected 1752 gold pieces.

Inventory:

Missiles
 p - a javelin
 v - 13 poisoned darts
 S - 17 large rocks (quivered)
Armour
 a - a +0 robe
 b - a +0 kite shield (worn)
 E - a +0 cloak (worn)
 F - a +2 robe of resistance
 I - a +0 troll leather armour
 M - the orb of the Candlemaker {guile, rF+ rN+}
   (You found it on level 11 of the Dungeon)

   rF+:       It protects you from fire.
   rN+:       It protects you from negative energy.
 N - a +3 troll leather armour (worn) {Snorg}
 X - a +2 robe of willpower
Jewellery
 f - the ring "Juhepry" (right claw) {rN+ Will++ rCorr Str+3 Stlth-}
   (You found it in a Gauntlet)

   [ring of positive energy]

   Str+3:     It affects your strength (+3).
   rN+:       It protects you from negative energy.
   Will++:    It greatly increases your willpower.
   rCorr:     It protects you from acid and corrosion.
   Stlth-:    It makes you less stealthy.
 w - a ring of see invisible
 y - a ring of positive energy
 z - a ring of magical power
 D - a ring of poison resistance
 J - a +6 ring of strength (left claw)
 K - the amulet "Siug" (around neck) {Reflect *Corrode rF+ rN++ SH+5}
   (You found it in a Gauntlet)

   [amulet of reflection]

   Reflect:   It reflects blocked missile attacks.
   rF+:       It protects you from fire.
   rN++:      It greatly protects you from negative energy.
   *Corrode:  It may corrode you when you take damage.
   SH+5:      It affects your SH (+5).
 T - the ring of Ogopech {Fire Fly Will+}
   (You found it on level 11 of the Dungeon)

   [ring of fire]

   Fire:      It enhances your fire magic.
   rF+:       It protects you from fire.
   rC-:       It makes you vulnerable to cold.
   Will+:     It increases your willpower.
   Fly:       It grants you flight.
 U - an amulet of regeneration
Wands
 A - a wand of acid (28)
 C - a wand of iceblast (10)
 R - a wand of polymorph (11)
 V - a wand of mindburst (4)
Scrolls
 e - a scroll of enchant weapon
 g - a scroll of blinking
 l - 3 scrolls of poison
 m - a scroll of noise
 o - a scroll of fog {unknown}
 q - a scroll of enchant armour {unknown}
 t - 3 scrolls of fear
 u - a scroll of vulnerability {unknown}
 x - 3 scrolls of immolation
 H - 4 scrolls of teleportation
 L - a scroll of amnesia {unknown}
 Q - a scroll of torment {unknown}
 W - a scroll of identify
Potions
 c - 3 potions of might
 d - 5 potions of lignification
 h - 3 potions of cancellation {unknown}
 i - 4 potions of heal wounds
 j - 3 potions of haste {unknown}
 k - 5 potions of brilliance
 n - 4 potions of curing {unknown}
 r - 2 potions of ambrosia {unknown}
 s - 3 potions of magic {unknown}
 B - 2 potions of invisibility {unknown}
 G - 4 potions of mutation {unknown}
 O - 2 potions of attraction {unknown}
 P - a potion of berserk rage {unknown}


   Skills:
 + Level 5.1 Fighting
 * Level 3.9 Throwing
 + Level 3.7 Armour
 + Level 6.6 Dodging
 - Level 1.9 Stealth
 + Level 7.4 Shields
 * Level 18.4 Unarmed Combat
 - Level 2.7 Earth Magic
 + Level 1.1 Evocations


You had 12 spell levels left.
You didn't know any spells.
Your spell library contained the following spells:

 Spells                   Type           Power      Damage    Failure   Level
 Passwall                 Erth           2%         N/A       65%         3
 Foxfire                  Conj/Fire      0%         2x1d4     67%         1
 Necrotise                Necr           0%         1d4       67%         1
 Blink                    Tloc           0%         N/A       80%         2
 Ensorcelled Hibernation  Hex/Ice        0%         N/A       80%         2
 Lesser Beckoning         Tloc           0%         N/A       80%         2
 Momentum Strike          Conj/Tloc      0%         3d8       80%         2
 Stone Arrow              Conj/Erth      2%         3d7       85%         3
 Dazzling Flash           Conj/Hex       0%         N/A       95%         3
 Fugue of the Fallen      Necr           0%         N/A       95%         3
 Hailstorm                Conj/Ice       0%         3d5       95%         3
 Ozocubu's Armour         Ice            0%         N/A       95%         3
 Swiftness                Air            0%         N/A       95%         3
 Vampiric Draining        Necr           0%         2d6       95%         3
 Manifold Assault         Tloc           0%         N/A       100%        4
 Martyr's Knell           Necr/Summ      0%         N/A       100%        4
 Curse of Agony           Necr           0%         N/A       100%        5
 Bombard                  Conj/Erth      0%         9d1       100%        6
 Plasma Beam              Fire/Air       0%         2x1d10    100%        6
 Starburst                Conj/Fire      0%         6d3       100%        6


Dungeon Overview and Level Annotations

Branches:
Dungeon (13/15)            Temple (1/1) D:7            Lair (1/5) D:9
    Orc (2/2) D:10            Elf (1/3) Orc:2       Gauntlet (visited)
 Vaults: D:13-14

Altars:
Ashenzari
Cheibriados
Dithmenos
Elyvilon
Fedhas
Gozag
Hepliaklqana
Kikubaaqudgha
Makhleb
Nemelex Xobeh
Okawaru
Qazlal
Ru
Sif Muna
Trog
Uskayaw
Vehumet
Wu Jian
Xom
Yredelemnul
Zin
The Shining One

Shops:
D:1 :   D:3 =   D:9 ?   D:11 *   Orc:2 *(((

Annotations:
D:13 Rupert


Innate Abilities, Weirdness & Mutations

You are too large for most types of armour.
You have claws for hands.
Your natural rate of healing is unusually fast.
You are covered in fur. (AC +1)
You have tough skin. (AC +1)


Message History

The air elemental is moderately damaged.
The air elemental hits you!
The air elemental fires a burst of electricity at you.
The stunning burst hits the air elemental.
The air elemental completely resists.
The stunning burst misses you.
The air elemental fires a burst of electricity at you.
The stunning burst hits the air elemental.
The air elemental completely resists.
The stunning burst hits you!
You suddenly lose the ability to move!
The air elemental hits you!
The air elemental hits you but does no damage.
The air elemental fires a burst of electricity at you.
The stunning burst hits you!
The air elemental fires a burst of electricity at you.
The stunning burst hits you. The air elemental hits you.
You can move again.
The air elemental fires a burst of electricity at you.
The stunning burst hits you!!
You shrug off the repeated paralysis!
* * * LOW HITPOINT WARNING * * *
The air elemental hits you.
* * * LOW HITPOINT WARNING * * *
The deep elf zephyrmancer mumbles some strange words.
The deep elf zephyrmancer blinks!
The air elemental closely misses you. You block the air elemental's attack.
You climb upwards.
Welcome back to the Orcish Mines!
There is a staircase to the Elven Halls here.
You spin and attack the air elemental repeatedly.
You miss the air elemental.
The air elemental is moderately damaged.
You closely miss the air elemental.
The air elemental is moderately damaged.
You spin and attack the air elemental.
You claw the air elemental!
The air elemental is heavily damaged.
You block the air elemental's attack.
The air elemental fires a burst of electricity at you.
The stunning burst hits you!
You suddenly lose the ability to move!
* * * LOW HITPOINT WARNING * * *
The air elemental hits you!
* * * LOW HITPOINT WARNING * * *
The air elemental hits you!
You die...

###.####....###.#.##
#....##......#######
....#......<..#.##^##
#...................#
....#.#............##
....................#
.................#.##
................####
..#..........#.#@##
.............##E>E#
.................##
[..........#.##..###
............###....##
.............#......# ###
#.........#.#.^.##.####.##
#.#........#....#### #...# ###
......<.)..)...#######...####.##


You could see 2 air elementals.

Vanquished Creatures
  The ghost of Villent the Tortoise, a journeyman HOFi of the Shining One (D:11)
  2 slime creatures
  A quicksilver ooze (Gauntlet)
  Snorg (D:10)
  An ettin (Orc:2)
  2 ogre magi (Orc:2)
  A boulder beetle (D:12)
  7 two-headed ogres (Orc:2)
  A fire crab (Gauntlet)
  2 deep trolls (Orc:2)
  A deep elf pyromancer (D:12)
  An orc knight (Orc:2)
  An orc sorcerer (Orc:2)
  5 cyclopes
  Joseph (D:10)
  2 kobold blastminers (Orc:2)
  A torpor snail (Lair:1)
  A gargoyle (D:12)
  3 cane toads (Lair:1)
  2 kobold demonologists (D:10)
  A rime drake (Lair:1)
  3 komodo dragons (Lair:1)
  10 trolls
  Prince Ribbit (D:7)
  A hornet (D:11)
  3 dream sheep (Lair:1)
  4 blink frogs (Lair:1)
  An air elemental (Elf:1)
  6 centaur simulacra (D:11)
  2 basilisks (D:12)
  A shadow (D:10)
  11 yaks
  2 vampires
  3 wyverns
  3 wraiths
  4 humans (D:9)
  3 wargs
  6 vampire mosquitoes
  2 fire bats (Gauntlet)
  An acid dragon (D:13)
  2 water moccasins
  Edmund (D:6)
  15 orc warriors
  2 sky beasts (D:6)
  4 ice beasts
  2 black bears
  20 ogres
  3 centaurs
  4 phantoms
  3 bullfrogs
  4 kobold brigands
  3 gnoll sergeants
  3 scorpions
  11 wights
  8 killer bees (D:7)
  4 howler monkeys
  2 electric eels (D:10)
  10 orc priests
  4 hounds
  4 iguanas
  Jessica (D:2)
  Natasha (thrice) (D:3)
  12 orc wizards
  5 adders
  11 gnolls
  A shadow imp (Gauntlet)
  2 white imps
  6 ufetubi (D:5)
  A ribbon worm (D:5)
  2 dart slugs
  54 orcs
  4 endoplasms
  2 giant cockroaches
  2 goblins
  2 hobgoblins
  5 quokkas
  3 ball pythons
  7 bats
  3 frilled lizards
  17 kobolds
  4 rats
361 creatures vanquished.

Notes
Turn   | Place    | Note
-------+----------+-------------------------------------------
     0 | D:1      | MrIGI the Troll Fighter began the quest for the Orb.
     0 | D:1      | Reached XP level 1. HP: 22/22 MP: 0/0
   188 | D:1      | Reached XP level 2. HP: 29/29 MP: 1/1
   360 | D:1      | Found Umiog's Book Boutique.
   645 | D:2      | Reached XP level 3. HP: 31/36 MP: 2/2
   950 | D:2      | Found an ornate altar of the Wu Jian Council.
  1094 | D:2      | Noticed Jessica
  1099 | D:2      | Killed Jessica
  1100 | D:2      | Reached skill level 3 in Unarmed Combat
  1100 | D:2      | Reached XP level 4. HP: 34/44 MP: 3/3
  1347 | D:3      | Noticed Natasha
  1350 | D:3      | Killed Natasha
  1494 | D:3      | Noticed Natasha
  1499 | D:3      | Killed Natasha
  1506 | D:3      | Noticed Natasha
  1511 | D:3      | Killed Natasha
  1512 | D:3      | Reached skill level 4 in Unarmed Combat
  1512 | D:3      | Reached XP level 5. HP: 50/50 MP: 4/4
  1703 | D:3      | Found Vunwubb's Jewellery Boutique.
  1898 | D:4      | Found a stormy altar of Qazlal.
  1899 | D:4      | Noticed an air elemental
  1900 | D:4      | Noticed a water elemental
  1900 | D:4      | Noticed a fire elemental
  2511 | D:5      | Entered Level 5 of the Dungeon
  2524 | D:5      | Reached XP level 6. HP: 59/59 MP: 5/5
  2529 | D:5      | Reached skill level 5 in Unarmed Combat
  2563 | D:5      | HP: 2/61 [orc/+0 great sword (3)]
  2751 | D:5      | Found an opulent altar of Gozag.
  2764 | D:5      | Reached XP level 7. HP: 57/67 MP: 6/6
  3084 | D:5      | Found a glowing golden altar of the Shining One.
  3164 | D:5      | Reached skill level 6 in Unarmed Combat
  3484 | D:6      | Noticed Edmund
  3488 | D:6      | Reached skill level 7 in Unarmed Combat
  3494 | D:6      | Killed Edmund
  3495 | D:6      | Reached XP level 8. HP: 30/75 MP: 7/7
  3705 | D:6      | Reached skill level 1 in Stealth
  3935 | D:6      | Reached skill level 8 in Unarmed Combat
  4518 | D:7      | Reached skill level 9 in Unarmed Combat
  4519 | D:7      | Reached XP level 9. HP: 39/84 MP: 8/8
  4530 | D:7      | Noticed Prince Ribbit
  4595 | D:7      | Killed Prince Ribbit
  4605 | D:7      | Found a bloodstained altar of Trog.
  4647 | D:7      | Reached skill level 10 in Unarmed Combat
  4674 | D:7      | Reached skill level 1 in Throwing
  4726 | D:7      | Found an ancient bone altar of Kikubaaqudgha.
  4731 | D:7      | Reached skill level 5 in Shields
  4775 | D:7      | Found a sacrificial altar of Ru.
  5103 | D:7      | Reached skill level 11 in Unarmed Combat
  5166 | D:7      | Found a staircase to the Ecumenical Temple.
  5173 | Temple   | Entered the Ecumenical Temple
  5181 | Temple   | Became a worshipper of the Wu Jian Council
  5319 | D:8      | Found a snail-covered altar of Cheibriados.
  5651 | D:8      | Found a shadowy altar of Dithmenos.
  5759 | D:8      | Reached skill level 5 in Dodging
  5759 | D:8      | Reached XP level 10. HP: 67/92 MP: 9/9
  5845 | D:8      | Found a sparkling altar of Nemelex Xobeh.
  6008 | D:8      | You fall into a shaft and drop 1 floor!
  6301 | D:9      | Reached skill level 1 in Evocations
  6420 | D:9      | Reached * piety under Wu Jian
  6445 | D:9      | Found Giskaar's Magic Scroll Emporium.
  6554 | D:9      | Found a staircase to the Lair.
  6573 | Lair:1   | Entered Level 1 of the Lair of Beasts
  6615 | Lair:1   | Noticed a cane toad
  6620 | Lair:1   | Killed a cane toad
  6621 | Lair:1   | Reached skill level 12 in Unarmed Combat
  6677 | Lair:1   | Noticed a cane toad
  6686 | Lair:1   | Killed a cane toad
  6770 | Lair:1   | Found a gate leading to a gauntlet.
  6786 | Gauntlet | Entered a Gauntlet
  6786 | Gauntlet | Noticed a fire crab
  6786 | Gauntlet | Found a transporter.
  6790 | Gauntlet | Found a transporter.
  6791 | Gauntlet | Found a transporter.
  6797 | Gauntlet | Noticed a soul eater
  6807 | Gauntlet | Found a transporter.
  6808 | Gauntlet | Found a transporter.
  6814 | Gauntlet | Found a runed translucent gate.
  6814 | Gauntlet | Found a runed translucent gate.
  6817 | Gauntlet | Found a runed translucent gate.
  6817 | Gauntlet | Found a transporter.
  6831 | Gauntlet | Noticed a quicksilver ooze
  6834 | Gauntlet | Found a transporter.
  6842 | Gauntlet | Noticed a sixfirhy
  6843 | Gauntlet | Noticed a sixfirhy
  6844 | Gauntlet | Found a transporter.
  6847 | Gauntlet | Noticed a sixfirhy
  6853 | Gauntlet | Noticed a sixfirhy
  6858 | Gauntlet | Found a transporter.
  6875 | Gauntlet | Found a transporter.
  6882 | Gauntlet | Noticed an arcanist
  6883 | Gauntlet | Found a transporter.
  6886 | Gauntlet | Found a transporter.
  7042 | Gauntlet | Killed a fire crab
  7165 | Gauntlet | Found a transporter.
  7166 | Gauntlet | Identified the ring "Juhepry" {rN+ Will++ rCorr Str+3
                  | Stlth-}
  7204 | Gauntlet | Killed a quicksilver ooze
  7205 | Gauntlet | Reached skill level 13 in Unarmed Combat
  7208 | Gauntlet | Identified the amulet "Siug" {Reflect *Corrode rF+ rN++
                  | SH+5}
  7339 | Gauntlet | Noticed a minotaur
  7595 | D:10     | Entered Level 10 of the Dungeon
  7599 | D:10     | Noticed Snorg
  7647 | D:10     | Reached XP level 11. HP: 79/101 MP: 10/10
  7716 | D:10     | Found a staircase to the Orcish Mines.
  7721 | Orc:1    | Entered Level 1 of the Orcish Mines
  7902 | Orc:2    | Entered Level 2 of the Orcish Mines
  7903 | Orc:2    | Noticed an orc knight
  7979 | D:10     | Reached ** piety under Wu Jian
  8002 | D:10     | Noticed Joseph
  8025 | D:10     | Killed Joseph
  8276 | Lair:1   | Reached skill level 14 in Unarmed Combat
  9037 | D:10     | Found a burning altar of Makhleb.
  9050 | D:10     | Killed Snorg
  9054 | D:10     | Reached skill level 15 in Unarmed Combat
  9265 | D:10     | Noticed a soul eater
  9285 | D:10     | Reached *** piety under Wu Jian
  9537 | D:11     | Reached skill level 1 in Armour
  9541 | D:11     | Got the Textbook on Conjuration
  9579 | D:11     | Noticed Villent's ghost (journeyman HOFi)
  9624 | D:11     | Found a runed translucent gate.
  9624 | D:11     | Found a runed translucent gate.
  9624 | D:11     | Found a runed translucent gate.
  9700 | D:11     | Reached skill level 1 in Earth Magic
  9737 | D:11     | Reached XP level 12. HP: 83/109 MP: 11/11
  9853 | D:11     | Found Tyiqek's General Store.
 10356 | D:11     | Killed Villent's ghost
 10357 | D:11     | Reached skill level 16 in Unarmed Combat
 10424 | D:11     | Identified the orb of the Candlemaker {guile, rF+ rN+}
 10430 | D:11     | Identified the ring of Ogopech {Fire Fly Will+}
 10567 | D:12     | Noticed a boulder beetle
 10577 | D:12     | Killed a boulder beetle
 10847 | D:13     | Noticed a six-headed hydra
 10854 | D:12     | Reached **** piety under Wu Jian
 11197 | D:13     | Noticed Rupert
 11418 | Orc:2    | Reached skill level 17 in Unarmed Combat
 11579 | Orc:2    | Found a staircase to the Elven Halls.
 11758 | Orc:2    | Noticed an ettin
 11815 | Orc:2    | Killed an ettin
 11860 | Orc:2    | Noticed an ogre mage
 11869 | Orc:2    | Killed an ogre mage
 11870 | Orc:2    | Reached XP level 13. HP: 117/117 MP: 12/12
 11900 | Orc:2    | Reached skill level 5 in Fighting
 12068 | Orc:2    | Reached ***** piety under Wu Jian
 12078 | Orc:2    | Reached skill level 18 in Unarmed Combat
 12161 | Orc:2    | Found Jupraj's Weapon Shop.
 12161 | Orc:2    | Found Getohump's Assorted Antiques.
 12195 | Orc:2    | Found Ynag's Antique Weapon Shop.
 12223 | Orc:2    | Found Jixiocs's Weapon Boutique.
 12574 | Elf:1    | Entered Level 1 of the Elven Halls
 12581 | Elf:1    | Paralysed by an air elemental for 1 turns
 12585 | Orc:2    | Paralysed by an air elemental for 1 turns
 12585 | Orc:2    | HP: 4/118 [air elemental (12)]
 12585 | Orc:2    | Mangled by an air elemental

Illustrated notes

Levels and vault maps discovered:
D:1:      roderic_octagonal_star, layout_rooms, serial_shops, shop
D:2:      layout_basic, basic_altar, kennysheep_jessica_study
D:3:      layout_basic, serial_shops, nicolae_shop_behind_doors,
          chequers_serial_rivers_marsh, uniq_natasha
D:4:      layout_loops_ring, nicolae_qazlal_style_of_elements
D:5:      layout_basic, tso_metal_star, grunt_gozag_statues
D:6:      layout_cave_pods, uniq_edmund
D:7:      layout_rooms, trog_three_pillars_becter, grunt_temple_overflow_open,
          minmay_temple_entry_wispy, uniq_prince_ribbit1
D:8:      layout_basic, kennysheep_slug_shrine, mainiacjoe_overflow_alcove_2,
          nicolae_dithmenos_the_darkroom
D:9:      layout_roguey, dpeg_oklobed_lair, serial_shops,
          nicolae_shop_real_fake_doors, dreamdust_wishing_well, minmay_ruffians
D:10:     layout_basic, mainiacjoe_overflow_24_doors, orc_0_dummy, uniq_joseph,
          uniq_snorg
D:11:     wander_river, layout_loops_ring, serial_shops, shop,
          gammafunk_ghost_icy
D:12:     layout_roguey
D:13:     layout_stronghold, david_vaults_2, uniq_jorgrun, uniq_rupert
Temple:   nicolae_temple_x_marks_the_god
Lair:1:   layout_long_grid, gauntlet_entry_generic
Orc:1:    layout_caves
Orc:2:    st_orc_open, layout_caves, sword_in_stone
Elf:1:    nicolae_elf_arrival_aired_out, layout_loops_corners,
          nicolae_elf_shapeshifter_party

Skill      XL: |  1  2  3  4  5  6  7  8  9 10 11 12 13 |
---------------+----------------------------------------+-----
Shields        | 3 4 5 6 7 |  7.4
Unarmed Combat | 3 4 5 7 9 11 13 15 17 18 | 18.4
Dodging        | 3 4 5 6 |  6.6
Fighting       | 3 4 5 |  5.1
Stealth        | 1 |  1.9
Throwing       | 2 3 |  3.9
Evocations     | 1 |  1.1
Armour         | 1 3 |  3.7
Earth Magic    | 1 2 |  2.7

Action                     |  1- 3 |  4- 6 |  7- 9 | 10-12 | 13-15 || total
---------------------------+-------+-------+-------+-------+-------++-------
  Melee: Unarmed           |    76 |   132 |   223 |   594 |   125 ||  1150
  Throw: Javelin           |       |       |       |     2 |       ||     2
         Large rock        |       |       |       |     9 |    13 ||    22
Ability: Lunge             |       |       |     1 |    44 |     4 ||    49
         Whirlwind         |       |       |       |    22 |     8 ||    30
         Wall Jump         |       |       |       |     1 |       ||     1
  Evoke: Wand              |       |       |       |     2 |       ||     2
    Use: Potion            |       |     1 |       |     3 |       ||     4
         Scroll            |       |       |       |    12 |       ||    12
   Stab: Sleeping          |       |     2 |     2 |       |       ||     4
 Armour: Robe              |    56 |   103 |   139 |   178 |       ||   476
         Troll leather arm |       |       |       |    99 |    59 ||   158
  Dodge: Dodged            |    37 |    76 |    72 |   139 |    23 ||   347
  Block: Kite shield       |    17 |    73 |    79 |   310 |    56 ||   535
         Reflection        |       |       |       |    19 |     1 ||    20
